 Dungeon Crawl Stone Soup version 0.29.1 (webtiles) character file.

Game seed: 698871121147069400

70 funnyparkerb the Slasher (level 4, -1/39 HPs)
             Began as a Minotaur Fighter on Sept 13, 2022.
             Slain by a goblin
             ... wielding a +0 club
             ... led by Robin
              (2 damage)
             ... on level 2 of the Dungeon.
             The game lasted 00:01:21 (1400 turns).

funnyparkerb the Slasher (Minotaur Fighter)         Turns: 1400, Time: 00:01:22

Health: -1/39      AC:  6    Str: 20    XL:     4   Next: 4%
Magic:  3/3        EV:  9    Int:  5    God:
Gold:   103        SH:  4    Dex: 12    Spells: 3/3 levels left

rFire   . . .      SeeInvis .   a - +0 long sword
rCold   . . .      Faith    .   c - +0 buckler
rNeg    . . .      Spirit   .   b - +0 scale mail
rPois   .          Reflect  .   (helmet restricted)
rElec   .          Harm     .   (no cloak)
rCorr   .          Rampage  .   (no gloves)
Will    .....                   (no boots)
Stlth   ..........              (no amulet)
HPRegen 0.13/turn               (no ring)
MPRegen 0.08/turn               (no ring)

@: no status effects
A: horns 2, retaliatory headbutt
a: no special abilities


You were on level 2 of the Dungeon.
You visited 1 branch of the dungeon, and saw 2 of its levels.

You collected 103 gold pieces.

Inventory:

Hand Weapons
 a - a +0 long sword (weapon)
Missiles
 l - 5 boomerangs (quivered)
Armour
 b - a +0 scale mail (worn)
 c - a +0 buckler (worn)
Scrolls
 e - 2 scrolls of teleportation {unknown}
 f - 2 scrolls of identify {unknown}
 i - a scroll of immolation {unknown}
 k - a scroll of magic mapping {unknown}
Potions
 d - 3 potions of might
 g - a potion of curing {unknown}
 h - a potion of invisibility {unknown}
 j - a potion of haste {unknown}


   Skills:
 - Level 3.6 Fighting
 + Level 5.3 Long Blades
 - Level 3.6 Armour
 - Level 3.6 Shields


You had 3 spell levels left.
You didn't know any spells.
Your spell library was empty.

Dungeon Overview and Level Annotations

Branches:
Dungeon (2/15)

Altars:


Innate Abilities, Weirdness & Mutations

You have a pair of horns on your head.
You reflexively headbutt those who attack you in melee.


Message History

You are too injured to fight recklessly!
You are too injured to fight recklessly!
You barely miss Robin. Your headbutt misses Robin.
Robin is moderately wounded.
A goblin comes into view. It is wielding a +0 club.
The goblin barely misses you.
Robin roars a battlecry!
The goblins go into a battle-frenzy!
The grasping roots constrict you.
The goblin shouts!
The grasping roots release their grip on you.
You hit Robin but do no damage.
Robin is moderately wounded.
The goblin hits you but does no damage. Robin hits you with a +0 club.
* * * LOW HITPOINT WARNING * * *
You slash Robin!
Robin is almost dead.
The goblin hits you with a +0 dagger.
* * * LOW HITPOINT WARNING * * *
The goblin hits you but does no damage.
You closely miss Robin. You headbutt Robin.
You kill Robin!
The goblin barely misses you. You furiously retaliate!
You headbutt the goblin!
You kill the goblin!
A goblin comes into view. It is wielding a +0 dagger.
You have reached level 4!
You feel agile.
You barely miss the goblin. You headbutt the goblin.
You kill the goblin!
You barely miss the goblin. The goblin hits you with a +0 club.
* * * LOW HITPOINT WARNING * * *
A goblin comes into view. It is wielding a +0 dagger.
You hit the goblin. Your headbutt misses the goblin.
The goblin is severely wounded.
The goblin hits you with a +0 club.
* * * LOW HITPOINT WARNING * * *
You closely miss the goblin.
The goblin is severely wounded.
The goblin hits you with a +0 club.
You die...

#.# #.# #.#
#.# #.# #.#
# #.##
#####.######
#..#
.....gg@)..#
##.#
#####.####)#
#.# # ###.#
#.# ..#.#
#.# #.#.#
######.#
#.#.#
#..[...#
#.#.#
#.######
#.#.# #.# #
###.#.# #.#


You could see 2 goblins.

Vanquished Creatures
  Robin (D:2)
  An adder (D:1)
  A worm (D:2)
  2 ball pythons
  6 endoplasms (D:1)
  A giant cockroach (D:1)
  13 goblins
  A hobgoblin (D:1)
  A jackal (D:1)
  4 kobolds
  A quokka (D:1)
  6 bats (D:1)
  A frilled lizard (D:1)
  5 rats
44 creatures vanquished.

Notes
Turn   | Place    | Note
-------+----------+-------------------------------------------
     0 | D:1      | funnyparkerb the Minotaur Fighter began the quest for the
                  | Orb.
     0 | D:1      | Reached XP level 1. HP: 19/19 MP: 0/0
    25 | D:1      | Reached skill level 3 in Long Blades
   201 | D:1      | Reached XP level 2. HP: 26/26 MP: 1/1
   519 | D:1      | Reached skill level 4 in Long Blades
   923 | D:1      | Reached XP level 3. HP: 30/31 MP: 2/2
  1377 | D:2      | Noticed Robin
  1385 | D:2      | Reached skill level 5 in Long Blades
  1396 | D:2      | Killed Robin
  1397 | D:2      | Reached XP level 4. HP: 9/39 MP: 3/3
  1399 | D:2      | HP: 1/39 [goblin/+0 club[Robin] (5)]
  1400 | D:2      | Slain by a goblin

Illustrated notes

Levels and vault maps discovered:
D:1:      saegor_arrival_simple_a, layout_basic, minmay_indecisive_spiral
D:2:      layout_loops_ring, corexii_hall_statues_l, uniq_robin, uniq_terence

Skill      XL: |  1  2  3 |
---------------+----------+-----
Long Blades    | 3 4 5 |  5.3
Fighting       | |  3.6
Armour         | |  3.6
Shields        | |  3.6

Action                   |  1- 3 |  4- 6 || total
-------------------------+-------+-------++-------
Melee: Long sword        |    88 |     4 ||    92
       Headbutt          |    18 |     1 ||    19
Armor: Scale mail        |    49 |       ||    49
Dodge: Dodged            |    50 |       ||    50
Block: Buckler           |    23 |       ||    23
